 Dungeon Crawl Stone Soup version 0.29.0-4-gdea44cf6ec (webtiles) character file.

Game seed: 16628415098182641189

223226 Flugkiller the Severer (level 18, -10/176 HPs)
             Began as a Minotaur Fighter on Aug 27, 2022.
             Was a High Priest of Okawaru.
             Mangled by Parghit (13 damage)
             ... on level 3 of the Depths.
             The game lasted 00:18:58 (25370 turns).

Flugkiller the Severer (Minotaur Fighter)          Turns: 25370, Time: 00:18:59

Health: -10/176    AC: 59    Str: 24    XL:     18   Next: 12%
Magic:  20/25      EV: 13    Int: 16    God:    Okawaru [*****.]
Gold:   2737       SH:  0    Dex: 17    Spells: 17/17 levels left

rFire   + . .      SeeInvis .   R - +9 battleaxe (vamp)
rCold   + . .      Faith    .   (shield currently unavailable)
rNeg    . . .      Spirit   .   v - +10 crystal plate armour of Watchfulness {rPois Int+4 Dex-2}
rPois   +          Reflect  .   T - +4 hat "Estaet" {rPois Str+4}
rElec   .          Harm     .   D - +1 cloak {Will+}
rCorr   .          Rampage  .   a - +2 pair of gloves
Will    +....                   L - +3 pair of mountain boots {steadfast, rC+}
Stlth   ..........              W - amulet of Xom's Bemusement {Regen+ Int+7}
HPRegen 1.19/turn               f - ring of protection from fire
MPRegen 0.19/turn               p - +4 ring of protection

@: weak-willed, heroic, finesse-ful
A: horns 2, retaliatory headbutt
}: 2/15 runes: barnacled, gossamer
a: Renounce Religion, Heroism, Finesse, Duel


You were on level 3 of the Depths.
You worshipped Okawaru.
Okawaru was extremely pleased with you.
You visited 7 branches of the dungeon, and saw 34 of its levels.
You also visited: Ossuary and Gauntlet.

You collected 4383 gold pieces.
You spent 1646 gold pieces at shops.

Inventory:

Hand Weapons
 A - a +1 dagger of distortion
   (You took it off Sonja on level 2 of the Orcish Mines)
 R - a +9 vampiric battleaxe (weapon)
   (You found it on level 11 of the Dungeon)
 V - a +0 broad axe
   (You took it off a meliai on level 3 of the Lair of Beasts)
Missiles
 M - 10 silver javelins (quivered)
Armour
 a - a +2 pair of gloves (worn)
   (You found it on level 5 of the Lair of Beasts)
 k - the +3 plate armour "Yranoko" {+Blink Regen+ rCorr Str-2}
   (You found it on level 14 of the Dungeon)

   Str:       It affects your strength (-2).
   +Blink:    It lets you blink.
   Regen:     It increases your rate of health regeneration.
   rCorr:     It protects you from acid and corrosion.
 v - the +10 crystal plate armour of Watchfulness (worn) {rPois Int+4 Dex-2}
   (Okawaru gifted it to you on level 2 of the Orcish Mines)

   Int:       It affects your intelligence (+4).
   Dex:       It affects your dexterity (-2).
   rPois:     It protects you from poison.
 D - a +1 cloak of willpower (worn)
   (Okawaru gifted it to you on level 12 of the Dungeon)
 E - a +1 cloak of poison resistance
   (You took it off Crazy Yiuf on level 6 of the Dungeon)
 L - the +3 pair of mountain boots (worn) {steadfast, rC+}
   (You found it in a Gauntlet)

   It prevents involuntary movement, except for blinking, teleportation, or
   banishment.
   rC:        It protects you from cold.
 O - the +0 hat of Zoupleb {rPois rF+ Will+ Dex+3}
   (You acquired it on level 11 of the Dungeon)

   Dex:       It affects your dexterity (+3).
   rF:        It protects you from fire.
   rPois:     It protects you from poison.
   Will:      It increases your willpower.
 P - +0 gold dragon scales
   (You bought it in a shop on level 5 of the Dungeon)
 T - the +4 hat "Estaet" (worn) {rPois Str+4}
   (Okawaru gifted it to you on level 3 of the Lair of Beasts)

   Str:       It affects your strength (+4).
   rPois:     It protects you from poison.
Jewellery
 c - a ring of protection from cold
   (You found it on level 3 of the Spider Nest)
 f - a ring of protection from fire (left hand)
   (You found it on level 1 of the Spider Nest)
 i - a ring of see invisible
   (You found it in a Gauntlet)
 m - a ring of willpower
   (You found it on level 10 of the Dungeon)
 o - a ring of poison resistance
   (You found it on level 15 of the Dungeon)
 p - a +4 ring of protection (right hand)
   (You found it on level 4 of the Shoals)
 W - the amulet of Xom's Bemusement (around neck) {Regen+ Int+7}
   (You found it on level 5 of the Lair of Beasts)

   [amulet of regeneration]

   Int:       It affects your intelligence (+7).
   Regen:     It increases your rate of health regeneration.
Wands
 g - a wand of digging (9)
   (You found it on level 9 of the Dungeon)
 j - a wand of paralysis (43)
   (You found it on level 5 of the Dungeon)
 B - a wand of roots (28)
   (You took it off an orc on level 6 of the Dungeon)
 C - a wand of mindburst (29)
   (You found it on level 6 of the Dungeon)
 H - a wand of light (7)
   (You found it on level 10 of the Dungeon)
Scrolls
 l - 4 scrolls of magic mapping
 r - 9 scrolls of identify
 s - 6 scrolls of vulnerability
 t - 8 scrolls of teleportation
 y - a scroll of fear
 z - 3 scrolls of blinking
 G - 2 scrolls of immolation
 I - 3 scrolls of brand weapon
 K - a scroll of silence
 N - 5 scrolls of fog
 Q - a scroll of enchant armour
Potions
 b - 6 potions of ambrosia
 d - 3 potions of might
 e - 9 potions of magic
 h - 3 potions of haste
 n - 2 potions of resistance
 q - 8 potions of curing
 u - 5 potions of invisibility
 w - 5 potions of heal wounds
 x - 5 potions of mutation
 F - 4 potions of cancellation
 J - 7 potions of lignification
 U - 3 potions of berserk rage
Miscellaneous
 S - a piece from Xom's chessboard (15/15)
   (You found it on level 15 of the Dungeon)


   Skills:
 + Level 19.2(24.2) Fighting
 - Level 20.0(25.0) Axes
 - Level 10.0(15.0) Throwing
 + Level 19.2(24.2) Armour
 - Level 11.0(16.0) Dodging
 - Level 3.6(8.6) Shields
 - Level 11.0 Invocations
 - Level 6.0 Evocations


You had 17 spell levels left.
You didn't know any spells.
Your spell library was empty.

Dungeon Overview and Level Annotations

Branches:
Dungeon (15/15)            Temple (1/1) D:7            Lair (5/5) D:9
 Shoals (4/4) Lair:3       Spider (4/4) Lair:3        Slime (0/5) Lair:5
    Orc (2/2) D:11            Elf (0/3) Orc:2        Vaults (0/5) D:13
 Depths (3/4) D:15        Ossuary (visited)         Gauntlet (visited)

Altars:
Ashenzari
Cheibriados
Dithmenos
Fedhas
Gozag
Hepliaklqana
Kikubaaqudgha
Makhleb
Nemelex Xobeh
Okawaru
Qazlal
Ru
Sif Muna
Trog
Uskayaw
Vehumet
Wu Jian
Xom
Yredelemnul
Zin
The Shining One
Jiyva

Shops:
D:5 *   D:10 ?   D:11 (   Orc:2 ?[=??   Shoals:4 ?((

Annotations:
D:11 1 runed translucent door
D:14 Roxanne
Temple 2 transporters
Lair:4 2 transporters, Zaegoraum's ghost, journeyman DsAK
Lair:5 1 runed translucent door
Depths:3 Parghit


Innate Abilities, Weirdness & Mutations

You have a pair of horns on your head.
You reflexively headbutt those who attack you in melee.


Message History

Parghit claws you!
You gain the combat prowess of a mighty hero.
Parghit bites you but does no damage.
Parghit claws you but does no damage. x2
You can now deal lightning-fast blows.
Parghit bites you!! Parghit completely misses you. Parghit claws you!
You are too injured to fight recklessly!
You are too injured to fight recklessly!
You hit Parghit but do no damage. You headbutt Parghit, but do no damage.
You are too injured to fight recklessly!
You slice Parghit!!
You feel better.
Your headbutt misses Parghit.
Parghit is moderately wounded.
Parghit bites you! Parghit barely misses you. x2
You slice Parghit!! Your headbutt misses Parghit.
Parghit is moderately wounded.
You slash Parghit!
You feel better.
Your headbutt misses Parghit.
Parghit is moderately wounded.
You slash Parghit!
You feel better.
Parghit is heavily wounded.
You hit Parghit. You headbutt Parghit, but do no damage.
Parghit is heavily wounded.
Parghit bites you but does no damage.
Parghit claws you but does no damage. x2
You barely miss Parghit. You headbutt Parghit, but do no damage.
Parghit is lightly wounded.
You slice Parghit!! Your headbutt misses Parghit.
Parghit is heavily wounded.
Parghit bites you but does no damage.
Parghit claws you but does no damage. x2
You slash Parghit!
Parghit is moderately wounded.
You hit Parghit. Your headbutt misses Parghit.
Parghit is moderately wounded.
You slash Parghit!
Parghit is heavily wounded.
Parghit bites you but does no damage. Parghit claws you!
Parghit barely misses you.
You hit Parghit but do no damage. You headbutt Parghit, but do no damage.
Parghit is moderately wounded.
You slash Parghit! You headbutt Parghit, but do no damage.
Parghit is moderately wounded.
You slash Parghit!
You feel better.
Your headbutt misses Parghit.
Parghit is heavily wounded.
Parghit bites you! Parghit barely misses you. Parghit claws you.
You barely miss Parghit.
Parghit is moderately wounded.
You cut Parghit into ribbons!!! You headbutt Parghit, but do no damage.
Parghit is heavily wounded.
You hit Parghit but do no damage. You headbutt Parghit, but do no damage.
Parghit is heavily wounded.
Parghit barely misses you. Parghit claws you but does no damage.
Parghit closely misses you.
You slash Parghit! You headbutt Parghit.
Parghit is heavily wounded.
You hit Parghit but do no damage.
Parghit is heavily wounded.
You slash Parghit!
You feel better.
You headbutt Parghit, but do no damage.
Parghit is heavily wounded.
Parghit bites you but does no damage. Parghit claws you!!
Parghit claws you but does no damage.
You hit Parghit.
You feel better.
Parghit is moderately wounded.
As you read the scroll of vulnerability, it crumbles to dust.
Magic quickly surges around you. Parghit bites you but does no damage.
Parghit claws you! Parghit closely misses you.
Aiming: Paralyse
Press: ? - help, Shift-Dir - straight line, f - Parghit
Aim: Parghit, wearing +8 gold dragon scales and quivering large rocks (lightly wounded, weak-willed, chance to affect: 22%) Parghit resists with almost no effort.
Parghit bites you but does no damage.
Parghit claws you but does no damage. x2
Aiming: Paralyse
Press: ? - help, Shift-Dir - straight line, f/p - Parghit
Aim: Parghit, wearing +8 gold dragon scales and quivering large rocks (weak-willed, chance to affect: 22%) Parghit resists with almost no effort.
Parghit misses you. Parghit claws you but does no damage.
Parghit closely misses you.
Aiming: Paralyse
Press: ? - help, Shift-Dir - straight line, f/p - Parghit
Aim: Parghit, wearing +8 gold dragon scales and quivering large rocks (weak-willed, chance to affect: 22%) Parghit resists with almost no effort.
A glowing shapeshifter simulacrum comes into view.
Parghit bites you but does no damage. Parghit claws you!
* * * LOW HITPOINT WARNING * * *
Parghit claws you but does no damage.
Aiming: Paralyse
Press: ? - help, Shift-Dir - straight line, f/p - Parghit
Aim: Parghit, wearing +8 gold dragon scales and quivering large rocks (weak-willed, chance to affect: 22%) Parghit resists with almost no effort.
Parghit bites you!
* * * LOW HITPOINT WARNING * * *
Parghit claws you but does no damage. Parghit barely misses you.
Aiming: Paralyse
Press: ? - help, Shift-Dir - straight line, f/p - Parghit
Aim: Parghit, wearing +8 gold dragon scales and quivering large rocks (weak-willed, chance to affect: 22%) Parghit resists with almost no effort.
Parghit snarls, "Go!
Away!"
Parghit bites you!!
* * * LOW HITPOINT WARNING * * *
Parghit misses you. Parghit closely misses you.
You hit Parghit.
Parghit is lightly wounded.
Parghit bites you!!
* * * LOW HITPOINT WARNING * * *
Parghit claws you!
You die...

... .... ....
..... #####.
.....# #......
.$.##[##.......
..#..#.@..Z.♣
.....#))T##...#
......#.## .#
........# ...
........###....
.#####.........
#.........
#..###.... #..#
...


You could see Parghit (weak-willed) and a glowing shapeshifter simulacrum.

Vanquished Creatures
  Nikola (Shoals:4)
  the Enchantress (Depths:1)
  Ilsuiw (Shoals:3)
  A tengu reaver (Depths:2)
  A fire giant (Depths:1)
  A frost giant (Depths:3)
  Aizul (Shoals:3)
  An emperor scorpion (Spider:4)
  3 ghost moths (Spider:4)
  2 broodmothers
  A stone giant (Depths:1)
  3 spriggan defenders (Depths:1)
  Nessos (D:12)
  A minotaur (Gauntlet)
  4 dire elephants (Lair:5)
  A spark wasp (Depths:2)
  2 ettins
  4 merfolk impalers (Shoals:4)
  A merfolk javelineer (Shoals:4)
  A quicksilver dragon zombie (D:15)
  A fire dragon (Depths:2)
  Harold (Lair:1)
  4 boulder beetles
  5 jorogumos
  A radroach (Spider:2)
  9 hydras
  5 ogre magi
  A spriggan air mage (Depths:1)
  An alligator snapping turtle (Shoals:3)
  A catoblepas (Lair:3)
  3 merfolk avatars
  24 two-headed ogres
  2 centaur warriors
  9 death yaks
  3 merfolk aquamancers (Shoals:4)
  8 death scarabs (Spider:4)
  A satyr (Shoals:4)
  2 tengu warriors
  3 deep troll earth magi (Depths:1)
  Nergalle (Lair:1)
  A spectral dire elephant (Lair:5)
  A soul eater (Depths:1)
  Sonja (Orc:2)
  7 pharaoh ants
  A sun moth (Spider:2)
  2 iron trolls (Depths:1)
  2 skeletal warriors (D:15)
  A flayed ghost (D:15)
  6 sea snakes
  7 steelbarb worms
  A spectral anaconda (Lair:5)
  5 deep trolls (Depths:1)
  6 orb spiders
  A lindwurm (Lair:5)
  4 spectral wolf spiders (Spider:4)
  4 necromancers
  A wizard (D:14)
  An obsidian statue (Lair:5)
  13 harpies (Shoals:4)
  14 ugly things
  An oklob plant (Lair:3)
  3 deep elf pyromancers
  A fire giant zombie (D:15)
  8 fauns
  14 wolf spiders
  4 cyclopes
  8 manticores
  3 moths of wrath (Spider:4)
  18 elephants (Lair:5)
  11 merfolk sirens
  3 black mambas
  A dire elephant zombie (Lair:5)
  9 cane toads
  3 torpor snails
  2 spectral redbacks (Spider:4)
  10 water nymphs
  An unseen horror (D:13)
  An unseen horror (shapeshifter) (D:13)
  5 rime drakes
  5 komodo dragons
  A rime drake (shapeshifter) (D:15)
  3 kobold demonologists
  A dire elephant skeleton (Lair:5)
  A freezing wraith (D:14)
  2 efreet (D:14)
  4 demonic crawlers
  4 tengu conjurers
  A redback zombie (Spider:4)
  20 merfolk
  8 trolls
  4 meliai
  4 polar bears
  A spectral jumping spider (Spider:4)
  4 hornets
  2 spectral tarantellas (Spider:4)
  3 spectral culicivoras (Spider:4)
  2 culicivora zombies (Spider:4)
  9 slime creatures
  26 tarantellas
  2 raiju (Gauntlet)
  A tarantella zombie (Spider:4)
  A jumping spider zombie (Spider:4)
  9 wind drakes (Shoals:4)
  7 dream sheep (Lair:3)
  9 blink frogs
  A spectral elephant (Lair:5)
  15 jumping spiders
  3 snapping turtles
  14 culicivoras
  4 wyverns
  2 dire elephant simulacra (Lair:5)
  An ettin skeleton (D:15)
  46 yaks
  3 spriggans (Depths:1)
  A vampire (D:13)
  3 wraiths
  3 basilisks
  4 water elementals (Shoals:4)
  A hog (shapeshifter) (D:14)
  Eustachio (D:6)
  3 vampire mosquitoes (D:14)
  A steam dragon (D:6)
  31 redbacks
  A spectral cane toad (Lair:5)
  4 wargs (Orc:2)
  2 acid dragons
  5 water moccasins
  A human skeleton (D:15)
  13 orc warriors
  3 ice beasts
  2 elephant skeletons (Lair:5)
  A black bear (D:4)
  3 elephant zombies (Lair:5)
  24 wolves
  32 ogres
  11 centaurs
  2 phantoms
  5 kobold brigands
  A gnoll sergeant (D:12)
  9 scorpions
  11 bullfrogs
  A cane toad simulacrum (Lair:5)
  17 wights
  12 killer bees
  An elephant simulacrum (Lair:5)
  6 electric eels
  5 howler monkeys
  3 centaur zombies (Ossuary)
  3 hounds
  2 jellies
  Crazy Yiuf (D:6)
  10 orc priests
  A gnoll bouda (D:8)
  3 iguanas
  17 orc wizards
  2 lightning spires (Gauntlet)
  6 mummies (Ossuary)
  6 gnolls
  16 adders
  A shadow imp (D:5)
  A white imp (D:8)
  An ufetubus (D:5)
  2 worms
  3 dart slugs
  77 orcs
  6 ball pythons
  3 endoplasms
  7 giant cockroaches
  8 goblins
  6 hobgoblins
  6 jackals (D:3)
  24 kobolds
  4 quokkas
  7 bats
  3 frilled lizards
  2 hobgoblin zombies (Ossuary)
  A quokka zombie (D:6)
  6 rats
  A rat zombie (D:6)
  3 butterflies (D:11)
987 creatures vanquished.

Vanquished Creatures (others)
  2 merfolk aquamancers (Shoals:4)
  A culicivora (Spider:1)
  A yak (Lair:3)
  14 demonic plants (Gauntlet)
  20 fungi
  79 plants
  23 withered plants
140 creatures vanquished.

Grand Total: 1127 creatures vanquished

Notes
Turn   | Place    | Note
-------+----------+-------------------------------------------
     0 | D:1      | Flugkiller the Minotaur Fighter began the quest for the
                  | Orb.
     0 | D:1      | Reached XP level 1. HP: 19/19 MP: 0/0
   119 | D:1      | Reached skill level 3 in Axes
   119 | D:1      | Reached XP level 2. HP: 19/27 MP: 1/1
   662 | D:1      | Reached XP level 3. HP: 30/33 MP: 2/2
  1490 | D:2      | Reached skill level 4 in Axes
  1490 | D:2      | Reached XP level 4. HP: 41/41 MP: 3/3
  2108 | D:3      | Reached XP level 5. HP: 40/47 MP: 4/4
  2259 | D:3      | Reached skill level 5 in Axes
  2771 | D:4      | Reached skill level 5 in Fighting
  2771 | D:4      | Reached skill level 5 in Armour
  2912 | D:4      | Reached XP level 6. HP: 50/56 MP: 5/5
  2979 | D:4      | Reached skill level 6 in Axes
  3667 | D:5      | Entered Level 5 of the Dungeon
  3685 | D:5      | Reached XP level 7. HP: 62/62 MP: 6/6
  3825 | D:5      | Reached skill level 7 in Axes
  3875 | D:5      | Identified the +0 ring mail of Irath {rElec Str+6 Dex+3
                  | Stlth+}
  3943 | D:5      | Found a basalt altar of Yredelemnul.
  4065 | D:5      | Found Riniuwn's Lightly-Used Armoury.
  4319 | D:5      | Reached skill level 8 in Axes
  4347 | D:5      | Reached XP level 8. HP: 63/71 MP: 7/7
  4581 | D:6      | Reached skill level 9 in Axes
  4686 | D:6      | Found a sand-covered staircase.
  4692 | D:6      | Reached skill level 10 in Axes
  4695 | Ossuary  | Entered an ossuary
  4869 | D:6      | Reached skill level 1 in Evocations
  4869 | D:6      | Reached XP level 9. HP: 76/81 MP: 8/8
  4922 | D:6      | Noticed Eustachio
  4959 | D:6      | Killed Eustachio
  5036 | D:6      | Found a runed translucent door.
  5037 | D:6      | Noticed Crazy Yiuf
  5310 | D:6      | Killed Crazy Yiuf
  5544 | D:7      | Reached skill level 11 in Axes
  5813 | D:7      | Found a sacrificial altar of Ru.
  5965 | D:7      | Found a staircase to the Ecumenical Temple.
  6111 | Temple   | Entered the Ecumenical Temple
  6111 | Temple   | Found a transporter.
  6111 | Temple   | Found a transporter.
  6113 | Temple   | Found a transporter.
  6113 | Temple   | Found a transporter.
  6129 | Temple   | Became a worshipper of Warmaster Okawaru
  6267 | D:8      | Found a snail-covered altar of Cheibriados.
  6568 | D:8      | Reached skill level 1 in Invocations
  6683 | D:8      | Reached XP level 10. HP: 88/90 MP: 8/10
  6894 | D:9      | Reached * piety under Okawaru
  6917 | D:8      | Reached skill level 12 in Axes
  6940 | D:9      | Reached skill level 5 in Evocations
  6944 | D:8      | Reached ** piety under Okawaru
  6997 | D:9      | Noticed a smoke demon
  7107 | D:9      | Paralysed by a hornet for 2 turns
  7301 | D:9      | Reached *** piety under Okawaru
  7606 | D:9      | Found a staircase to the Lair.
  7780 | D:9      | Found a glowing silver altar of Zin.
  7780 | D:9      | Found a stormy altar of Qazlal.
  8122 | D:10     | Entered Level 10 of the Dungeon
  8211 | D:10     | Found Teonnina's Magic Scroll Boutique.
  8218 | D:10     | Bought a scroll of brand weapon for 142 gold pieces
  8228 | D:10     | Noticed a two-headed ogre
  8238 | D:10     | Killed a two-headed ogre
  8239 | D:10     | Reached XP level 11. HP: 99/99 MP: 12/12
  8252 | D:10     | Noticed a two-headed ogre
  8257 | D:10     | Reached skill level 13 in Axes
  8265 | D:10     | Killed a two-headed ogre
  8398 | D:10     | Reached skill level 10 in Fighting
  8461 | D:10     | Found a shadowy altar of Dithmenos.
  8463 | D:10     | Found a glowing golden altar of the Shining One.
  8503 | D:10     | Reached skill level 10 in Armour
  8595 | D:10     | Noticed a two-headed ogre
  8610 | D:10     | Killed a two-headed ogre
  8610 | D:10     | Reached **** piety under Okawaru
  8778 | D:10     | Found a blossoming altar of Fedhas.
  8906 | D:11     | Identified a scroll of acquirement
  8908 | D:11     | Acquired the +0 hat of Zoupleb {rPois rF+ Will+ Dex+3}
  9015 | D:11     | Found Cuym's Firing Range.
  9026 | D:11     | Identified the +1 robe of Leapfrog {Str+2}
  9048 | D:11     | Found a gate leading to a gauntlet.
  9057 | Gauntlet | Entered a Gauntlet
  9057 | Gauntlet | Found a transporter.
  9057 | Gauntlet | Found a transporter.
  9057 | Gauntlet | Found a transporter.
  9067 | Gauntlet | Found a transporter.
  9070 | Gauntlet | Found a transporter.
  9075 | Gauntlet | Noticed a tengu warrior
  9078 | Gauntlet | Found a transporter.
  9080 | Gauntlet | Found the +3 pair of mountain boots {steadfast, rC+}
  9081 | Gauntlet | Found a transporter.
  9089 | Gauntlet | Found a transporter.
  9104 | Gauntlet | Noticed a wretched star
  9107 | Gauntlet | Found a transporter.
  9126 | Gauntlet | Found a transporter.
  9129 | Gauntlet | Found a transporter.
  9139 | Gauntlet | Found a transporter.
  9218 | Gauntlet | Paralysed by a hornet for 2 turns
  9312 | Gauntlet | Reached skill level 14 in Axes
  9314 | Gauntlet | Killed a tengu warrior
  9314 | Gauntlet | Reached ***** piety under Okawaru
  9315 | Gauntlet | Reached skill level 5 in Invocations
  9345 | Gauntlet | Received a gift from Okawaru
  9377 | Gauntlet | Acquired 529 gold pieces
  9382 | Gauntlet | Noticed a minotaur
  9397 | Gauntlet | Killed a minotaur
  9674 | D:11     | Noticed a two-headed ogre
  9683 | D:11     | Killed a two-headed ogre
  9752 | D:11     | Found a runed translucent door.
  9758 | D:11     | Found a runed translucent door.
 10142 | D:11     | Found a staircase to the Orcish Mines.
 10409 | D:5      | Bought -1 gold dragon scales for 900 gold pieces
 10500 | D:10     | Bought a scroll of enchant armour for 112 gold pieces
 10567 | Lair:1   | Entered Level 1 of the Lair of Beasts
 10586 | Lair:1   | Reached XP level 12. HP: 76/110 MP: 15/15
 10667 | Lair:1   | Noticed a death yak
 10668 | Lair:1   | Noticed a death yak
 10669 | Lair:1   | Noticed a death yak
 10669 | Lair:1   | Noticed a death yak
 10680 | Lair:1   | Killed a death yak
 10681 | Lair:1   | Reached skill level 15 in Axes
 10684 | Lair:1   | Killed a death yak
 10698 | Lair:1   | Killed a death yak
 10699 | Lair:1   | Killed a death yak
 11043 | Lair:1   | Noticed Nergalle
 11043 | Lair:1   | Noticed a six-headed hydra
 11099 | Lair:1   | Killed a 17-headed hydra
 11100 | Lair:1   | Reached skill level 1 in Dodging
 11110 | Lair:1   | Killed Nergalle
 11421 | Lair:1   | Noticed Harold
 11431 | Lair:1   | Killed Harold
 11431 | Lair:1   | Received a gift from Okawaru
 11576 | Lair:1   | Noticed a six-headed hydra
 11590 | Lair:1   | Killed a 16-headed hydra
 12176 | Lair:2   | Received a gift from Okawaru
 12182 | Lair:2   | Reached skill level 1 in Throwing
 12380 | Lair:2   | Reached skill level 16 in Axes
 12909 | Lair:3   | Noticed a death yak
 12909 | Lair:3   | Noticed a death yak
 12923 | Lair:3   | Killed a death yak
 12923 | Lair:3   | Received a gift from Okawaru
 12924 | Lair:3   | Killed a death yak
 13083 | Lair:3   | Reached XP level 13. HP: 118/118 MP: 17/17
 13085 | Lair:3   | Reached skill level 5 in Dodging
 13161 | Lair:3   | Identified the +4 hat "Estaet" {rPois Str+4} (Okawaru
                  | gifted it to you on level 3 of the Lair of Beasts)
 13161 | Lair:3   | Received a gift from Okawaru
 13585 | Lair:3   | Found a hole to the Spider Nest.
 13606 | Lair:3   | Found a staircase to the Shoals.
 13781 | Lair:3   | Found an opulent altar of Gozag.
 14137 | Lair:4   | Noticed Zaegoraum's ghost (journeyman DsAK)
 14201 | Lair:4   | Found a transporter.
 14205 | Lair:4   | Found a bloodstained altar of Trog.
 14515 | Lair:4   | Found a transporter.
 14790 | Lair:5   | Entered Level 5 of the Lair of Beasts
 14826 | Lair:5   | Reached skill level 17 in Axes
 14884 | Lair:5   | Reached ****** piety under Okawaru
 14990 | Lair:5   | HP: 2/119 [12-headed hydra (9)]
 15154 | Lair:5   | Found a runed translucent door.
 15154 | Lair:5   | Found a viscous altar of Jiyva.
 15155 | Lair:5   | Noticed an azure jelly
 15156 | Lair:5   | Noticed an azure jelly
 15156 | Lair:5   | Noticed an azure jelly
 15156 | Lair:5   | Noticed an azure jelly
 15157 | Lair:5   | Found a staircase to the Slime Pits.
 15158 | Lair:5   | Noticed an azure jelly
 15159 | Lair:5   | Noticed an azure jelly
 15276 | Lair:5   | Received a gift from Okawaru
 15318 | Lair:5   | Reached XP level 14. HP: 127/127 MP: 19/19
 15981 | Lair:5   | Reached skill level 5 in Throwing
 16019 | Lair:5   | Received a gift from Okawaru
 16133 | Lair:5   | Received a gift from Okawaru
 16149 | Lair:5   | Reached skill level 18 in Axes
 16402 | Lair:5   | Identified the +0 pair of boots "Wairghoipp" {Rampage Int-3
                  | SInv}
 16494 | Lair:5   | Identified the amulet of Xom's Bemusement {Regen+ Int+7}
 16746 | D:12     | Noticed Nessos
 16765 | D:12     | Killed Nessos
 17509 | D:12     | Received a gift from Okawaru
 18026 | D:13     | Reached skill level 10 in Dodging
 18106 | D:13     | Found a gate to the Vaults.
 18257 | D:14     | Reached XP level 15. HP: 137/137 MP: 20/20
 18398 | D:14     | Identified the +3 plate armour "Yranoko" {+Blink Regen+
                  | rCorr Str-2}
 18446 | D:14     | Identified Roxanne's Grimoire of Transmogrification
 18446 | D:14     | Noticed Roxanne
 18952 | D:14     | Identified the +7 flail of the Blessed Realm {holy, Str+4}
 19277 | D:15     | Entered Level 15 of the Dungeon
 19310 | D:15     | Found a staircase to the Depths.
 19328 | D:15     | Received a gift from Okawaru
 19510 | D:15     | Identified the +1 chain mail "Xoshitzy" {rF+ Int+4 Stlth+}
 20164 | Orc:1    | Entered Level 1 of the Orcish Mines
 20232 | Orc:1    | Reached skill level 19 in Axes
 20465 | Orc:2    | Entered Level 2 of the Orcish Mines
 20466 | Orc:2    | Found Izoral's Magic Scroll Shoppe.
 20495 | Orc:2    | Identified the +10 crystal plate armour of Watchfulness
                  | {rPois Int+4 Dex-2} (Okawaru gifted it to you on level 2 of
                  | the Orcish Mines)
 20495 | Orc:2    | Received a gift from Okawaru
 20517 | Orc:2    | Found Jeroxuo Jeotz's Magic Scroll Boutique.
 20517 | Orc:2    | Found Buamis's Jewellery Shoppe.
 20520 | Orc:2    | Reached skill level 10 in Invocations
 20536 | Orc:2    | Found Harukun's Magic Scroll Shop.
 20536 | Orc:2    | Found Atasamuo's Antique Armour Shoppe.
 20605 | Orc:2    | holy fuck
 20629 | Orc:2    | Bought a scroll of teleportation for 30 gold pieces
 20629 | Orc:2    | Bought a scroll of enchant weapon for 75 gold pieces
 20770 | Orc:2    | Noticed Sonja
 20777 | Orc:2    | Killed Sonja
 20884 | Orc:2    | Bought a scroll of fear for 48 gold pieces
 20884 | Orc:2    | Bought a scroll of fog for 48 gold pieces
 20886 | Orc:2    | Bought a scroll of enchant weapon for 127 gold pieces
 20958 | Orc:2    | Found a staircase to the Elven Halls.
 21375 | Spider:1 | Entered Level 1 of the Spider Nest
 21477 | Spider:1 | Reached XP level 16. HP: 140/147 MP: 22/22
 21577 | Spider:1 | Identified the +0 pair of boots of Free Will {rPois}
                  | (Okawaru gifted it to you on level 1 of the Spider Nest)
 21577 | Spider:1 | Received a gift from Okawaru
 21600 | Spider:1 | Reached skill level 20 in Axes
 21726 | Spider:2 | Reached skill level 15 in Fighting
 21726 | Spider:2 | Reached skill level 15 in Armour
 21973 | Spider:4 | Entered Level 4 of the Spider Nest
 22513 | Spider:4 | Identified the +4 battleaxe of the Ring {pain, *Rage rC++
                  | MP+9 SInv} (Okawaru gifted it to you on level 4 of the
                  | Spider Nest)
 22513 | Spider:4 | Received a gift from Okawaru
 22954 | Spider:4 | Received a gift from Okawaru
 22970 | Spider:4 | Reached skill level 10 in Throwing
 22974 | Spider:4 | Reached XP level 17. HP: 152/159 MP: 24/24
 23037 | Spider:4 | Got a gossamer rune of Zot
 23175 | Spider:2 | Received a gift from Okawaru
 23316 | Shoals:1 | Entered Level 1 of the Shoals
 23791 | Shoals:3 | Noticed Aizul
 23793 | Shoals:3 | Noticed Ilsuiw
 23815 | Shoals:3 | Killed Aizul
 23850 | Shoals:3 | Killed Ilsuiw
 23884 | Shoals:4 | Entered Level 4 of the Shoals
 23884 | Shoals:4 | Found Xoedyxott's Antique Weapon Emporium.
 24050 | Shoals:4 | Found Warusyupt's Magic Scroll Shoppe.
 24079 | Shoals:4 | Bought a scroll of enchant weapon for 82 gold pieces
 24079 | Shoals:4 | Bought a scroll of enchant armour for 82 gold pieces
 24243 | Shoals:4 | Noticed Nikola
 24265 | Shoals:4 | Killed Nikola
 24265 | Shoals:4 | Identified the +1 robe "Luriazer" {rPois Will++ rCorr
                  | Str-3} (Okawaru gifted it to you on level 4 of the Shoals)
 24265 | Shoals:4 | Received a gift from Okawaru
 24615 | Shoals:4 | Identified the +8 spear of Okheasew {pain, rN+ Str+4}
 24625 | Shoals:4 | Found Usiseczi's Weapon Shop.
 24676 | Shoals:4 | Got a barnacled rune of Zot
 25089 | Depths:1 | Entered Level 1 of the Depths
 25142 | Depths:1 | Noticed the Enchantress
 25162 | Depths:1 | Reached XP level 18. HP: 156/174 MP: 18/25
 25165 | Depths:1 | Killed the Enchantress
 25294 | Depths:2 | Received a gift from Okawaru
 25329 | Depths:3 | Noticed Parghit
 25370 | Depths:3 | HP: 3/176 [Parghit (20)]
 25370 | Depths:3 | Mangled by Parghit

Illustrated notes

###### #.........#.#...
.....####.........∩....
.......##........#.#..#
....)...#.............#
....)))))))..$.......###
....))))))...).)........
.....)))#))..<.)).$.....
.......##...............
.....####...)...@†......
###### #....)....##.....
............# ....
.............# ..#
..............# .
...............
................
................


Turn 20605 on Orc:2: holy fuck

Levels and vault maps discovered:
D:1:      dpeg_cavernosity, layout_rooms, chequers_serial_rivers_micro_b
D:2:      layout_rooms, columned_hall_lemuel,
          hangedman_abyss_or_decor_lesser_grid, grunt_decor_fettered
D:3:      layout_basic
D:4:      layout_basic, eino_tiny_chamber, hangedman_decor_opposing,
          chequers_serial_rivers_micro_a
D:5:      layout_loops_cross, mainiacjoe_overflow_cross_hatched,
          corexii_item_surrounded_by_moat, minmay_shop_damaged,
          amcnicky_mini_rare_corridor_liquid
D:6:      layout_rooms, enter_ossuary_4, uniq_eustachio, uniq_crazy_yiuf_cottage
D:7:      layout_cave_pools, nicolae_ru_awakened_eye,
          minmay_temple_entry_glassed_door, hangedman_decor_slide_cut
D:8:      layout_gridville, cheibriados_altar_1, st_stairs_13,
          kennysheep_windowed_goal
D:9:      layout_loops_ring, gammafunk_temple_overflow_statue, lair_entry_dummy,
          serial_bayou, serial_bayou_shore_a, serial_bayou_pond_c,
          serial_bayou_ford_a, serial_bayou_lagoon_a
D:10:     layout_rooms, nicolae_overflow_hidden_temple, serial_shops,
          nicolae_shop_hallway_stairs, kennysheep_doodads, minivault_26
D:11:     lemuel_insect_pit, layout_loops_corners, hiddenorc1_lemuel,
          gauntlet_entry_generic, nicolae_shop_firing_range
D:12:     layout_gridville, uniq_nessos
D:13:     layout_roguey, david_vaults_2
D:14:     layout_roguey, serial_aquarium, aquarium_bridge_square
          [aquarium_subvault_window, aquarium_subvault_bridge,
          aquarium_subvault_window, aquarium_subvault_wall],
          aquarium_bridge_island_small [aquarium_subvault_small_open,
          aquarium_subvault_bridge, aquarium_subvault_balcony,
          aquarium_subvault_wall, aquarium_subvault_window],
          aquarium_window_fake, aquarium_window_corridor_2,
          aquarium_window_corner, aquarium_view_2c, aquarium_balcony_3a,
          aquarium_pool_four, nicolae_lava_and_water, uniq_roxanne
D:15:     gammafunk_depths_entry_grave, layout_irregular_city,
          chequers_serial_rivers_marsh, grunt_ministairs_14
Temple:   hellmonk_temple_divided_pantheon
Lair:1:   layout_layer_cave, nicolae_lair_grove_arrangements,
          lemuel_fruit_fields, uniq_harold, uniq_nergalle
Lair:2:   layout_chaotic_city, grunt_forest_small_clearings
Lair:3:   nzn_winding_woodlands_cross
          [nzn_winding_woodlands_5x15_river_crossing,
          nzn_winding_woodlands_5x15_jagged,
          nzn_winding_woodlands_5x15_sidewinder,
          nzn_winding_woodlands_5x15_crooked,
          nzn_winding_woodlands_15x15_boxy_spiral], layout_big_grid,
          elwin_shoals_entry_stream, hellmonk_spider_entry_not_the_bees,
          basic_altar, serial_bayou_lagoon_b
Lair:4:   layout_gridlike, gammafunk_ghost_wrathful_warriors,
          grunt_megastairs_3, lemuel_fruit_fields, infiniplex_staircase_pool_2
Lair:5:   due_jungle_book, layout_regular_city, slime_entry_2,
          chequers_serial_rivers_micro_c, lemuel_fruit_tree
Shoals:1: layout_shoals, nicolae_shoals_nymph_descending_staircase
Shoals:2: layout_shoals, ebering_ghost_xom, portal_ice_cave_entry_frozen_things,
          uniq_polyphemus, uniq_mlioglotl
Shoals:3: layout_shoals, hangedman_shoal_volcano, uniq_ilsuiw, uniq_aizul
Shoals:4: shoals_end_simple, layout_shoals, shoals_ilsuiw_ice, serial_shops,
          nicolae_shop_bloodbath_and_beyond, nicolae_square_shop, shop,
          uniq_nikola
Spider:1: layout_cave_pods
Spider:2: mumra_spider_spiderweb, drop_trap, nicolae_spider_paper_wasps
Spider:3: layout_spider_delve, hellmonk_test_site, uniq_arachne, uniq_azrael,
          uniq_agnes
Spider:4: floodkiller_spider_rune_tomb
Orc:1:    lemuel_ogre_cave, layout_caves
Orc:2:    st_orc_ogre_mass, layout_caves, serial_shops, nicolae_shop_crystal,
          uniq_sonja
Depths:1: layout_cross, roderic_serpentine_path, grunt_mini_vestibule,
          hangedman_glass_teeth, elyvilon_altar_1, uniq_mara, uniq_enchantress
Depths:2: minmay_bloctagon, layout_twisted_cross, enter_ziggurat_e,
          pf_hell_entry_tar_spiral, rand_demon_pan_entry_3,
          nicolae_dithmenos_through_a_glass_darkly, st_stairs_2,
          minmay_staircase_windowed_large, minmay_shop_star
Depths:3: grunt_twist_and_shout, layout_long_grid,
          ashenzari_conservatory_becter, abyss_entry,
          grunt_hell_entry_dis_grunt, infiniplex_staircase_pool_1, uniq_vv,
          uniq_sojobo, uniq_parghit

Skill      XL: |  1  2  3  4  5  6  7  8  9 10 11 12 13 14 15 16 17 18 |
---------------+-------------------------------------------------------+-----
Axes           | 3 4 5 6 8 10 11 12 14 16 17 18 19 20 | 20.0
Armour         | 4 5 6 7 8 9 11 12 13 14 16 18 19 | 19.2
Fighting       | 4 5 6 7 8 9 11 12 13 14 16 18 19 | 19.2
Evocations     | 1 4 6 |  6.0
Invocations    | 1 3 5 7 8 9 10 11 | 11.0
Dodging        | 4 7 10 11 | 11.0
Throwing       | 2 4 5 7 10 | 10.0
Shields        | |  3.6

Action                   |  1- 3 |  4- 6 |  7- 9 | 10-12 | 13-15 | 16-18 || total
-------------------------+-------+-------+-------+-------+-------+-------++-------
Melee: War axe           |    90 |   147 |   266 |   473 |       |       ||   976
       Headbutt          |     9 |    28 |    55 |   152 |   262 |   211 ||   717
       Battleaxe         |       |       |       |   155 |  1016 |   957 ||  2128
Invok: Heroism           |       |       |       |    17 |    21 |    19 ||    57
       Finesse           |       |       |       |     5 |     6 |    10 ||    21
Evoke: Wand              |       |       |       |     3 |     2 |     5 ||    10
  Use: Scroll            |       |       |    14 |    13 |    10 |    10 ||    47
       Potion            |       |       |       |     6 |       |     4 ||    10
 Stab: Paralysed         |       |       |       |     5 |     3 |       ||     8
       Distracted        |       |       |       |     1 |       |       ||     1
       Petrified         |       |       |       |       |     3 |       ||     3
Armor: Scale mail        |    48 |    54 |       |       |       |       ||   102
       Chain mail        |       |    15 |   134 |   235 |       |       ||   384
       Gold dragon scale |       |       |       |   249 |   877 |       ||  1126
       Crystal plate arm |       |       |       |       |    42 |  1052 ||  1094
Dodge: Dodged            |    38 |    65 |    88 |   206 |   451 |   575 ||  1423
Block: Buckler           |    16 |    32 |    53 |   112 |       |       ||   213
